 Dungeon Crawl Stone Soup version 0.24.0-123-gd5b16e6ec5 (webtiles) character file.

Game seed: 2319052616266106197, levelgen mode: deterministic

345 FishyPogo the Skirmisher (level 6, -14/49 HPs)
             Began as a Demonspawn Monk on Jan 2, 2020.
             Demolished by Duvessa
             ... wielding a +1 short sword of electrocution
              (17 damage)
             ... on level 4 of the Dungeon.
             The game lasted 00:05:35 (1327 turns).

FishyPogo the Skirmisher (Demonspawn Monk)          Turns: 1327, Time: 00:05:36

Health: -14/49     AC:  4    Str: 13    XL:     6   Next: 32%
Magic:  6/6        EV: 20    Int: 11    God:
Gold:   90         SH:  0    Dex: 21    Spells: 5/5 levels left

rFire    . . .     SeeInvis .     - Unarmed
rCold    . . .     Gourm    .   (no shield)
rNeg     . . .     Faith    .   m - +0 robe
rPois    .         Spirit   .   j - +0 helmet
rElec    .         Reflect  .   d - +0 cloak
rCorr    .         Harm     .   (no gloves)
MR       .....                  (no boots)
Stlth    +++.......             l - amulet of rage
HPRegen  0.16/turn              (no ring)
MPRegen  0.10/turn              (no ring)

@: agile
A: claws 2, talons 1, powered by pain 1
a: Evoke Berserk Rage


You were on level 4 of the Dungeon.
You were not hungry.

You visited 1 branch of the dungeon, and saw 4 of its levels.

You collected 90 gold pieces.

Inventory:

Hand Weapons
 a - a +2 hunting sling of freezing
Missiles
 e - 62 stones
 g - 46 poisoned darts (quivered)
 k - 3 boomerangs
Armour
 d - a +0 cloak (worn)
 j - a +0 helmet (worn)
 m - a +0 robe (worn)
Jewellery
 l - an amulet of rage (around neck)
Scrolls
 i - 2 scrolls of identify {unknown}
 p - a scroll of remove curse {unknown}
 q - a scroll of fear {unknown}
Potions
 c - a potion of mutation {unknown}
 h - 3 potions of curing
 o - a potion of magic {unknown}
Comestibles
 b - 6 rations
 f - 11 chunks of flesh


   Skills:
 + Level 4.5 Fighting
 + Level 2.8 Armour
 + Level 4.1 Dodging
 - Level 2.0 Stealth
 + Level 3.4 Unarmed Combat


You had 5 spell levels left.
You didn't know any spells.
Your spell library was empty.

Dungeon Overview and Level Annotations

Branches:
Dungeon (4/15)
 Temple: D:4-7

Altars:
Elyvilon

Shops:
D:4 [

Annotations:
D:4 Duvessa


Innate Abilities, Weirdness & Mutations

You have very sharp fingernails.
You have sharp toenails.
You sometimes gain a little power by taking damage.


Message History

Duvessa hits you with a +1 short sword of electrocution!
Duvessa closely misses you. Duvessa barely misses you.
There is an open door here.
You hear a shout!
It was a potion of heal wounds.
You feel much better.
Duvessa hits you with a +1 short sword of electrocution!
You focus on the pain.
You feel more agile all of a sudden. Duvessa closely misses you.
You closely miss Duvessa.
Duvessa is lightly wounded.
Duvessa hits you with a +1 short sword of electrocution!
* * * LOW HITPOINT WARNING * * *
You are electrocuted!
* * * LOW HITPOINT WARNING * * *
Duvessa hits you with a +1 short sword of electrocution.
* * * LOW HITPOINT WARNING * * *
You are electrocuted!
You die...

#..........# #..........#
####..........# ......
..............##### #......
.............##...# .......
.............##...###......
.............''...'.#....#
.............##..e#.#.(.(#
....∩........##.@.#S#....#
.............##...#.)....#
.............##...##.....#
.............##...##.....#
.............##...##..#+##
.............##...###..
.............##.... ...
###############.... ....
....


You could see Duvessa (berserk).

Vanquished Creatures
  Sigmund (D:2)
  Dowan (D:4)
  A howler monkey (D:4)
  2 worker ants (D:4)
  2 adders (D:2)
  2 worms (D:2)
  2 dart slugs
  2 leopard geckos (D:4)
  2 orcs
  3 hobgoblins
  2 jackals (D:2)
  A quokka (D:2)
  A ball python (D:4)
  7 bats
  A frilled lizard (D:1)
  5 kobolds
  5 rats
40 creatures vanquished.

Notes
Turn   | Place    | Note
-------+----------+-------------------------------------------
     0 | D:1      | FishyPogo the Demonspawn Monk began the quest for the Orb.
     0 | D:1      | Reached XP level 1. HP: 18/18 MP: 1/1
   312 | D:1      | Gained mutation: You have sharp fingernails. [demonic
                  | ancestry]
   312 | D:1      | Reached XP level 2. HP: 24/24 MP: 2/2
   542 | D:2      | Noticed Sigmund
   778 | D:2      | Killed Sigmund
   778 | D:2      | Reached XP level 3. HP: 30/30 MP: 3/3
   778 | D:2      | Gained mutation: You have very sharp fingernails. [demonic
                  | ancestry]
   778 | D:2      | Reached XP level 4. HP: 37/37 MP: 4/4
   778 | D:2      | Gained mutation: You have sharp toenails. [demonic
                  | ancestry]
   778 | D:2      | Reached XP level 5. HP: 42/42 MP: 5/5
  1034 | D:2      | Found a white marble altar of Elyvilon.
  1205 | D:4      | Gained mutation: You sometimes gain a little power by
                  | taking damage. [demonic ancestry]
  1205 | D:4      | Reached XP level 6. HP: 41/49 MP: 6/6
  1236 | D:4      | Found Hitzoal's Armour Emporium.
  1310 | D:4      | Noticed Dowan
  1314 | D:4      | Killed Dowan
  1315 | D:4      | Noticed Duvessa
  1327 | D:4      | Demolished by Duvessa

Levels and vault maps discovered:
D:1:      minmay_arrival_nine_rooms, layout_basic, minmay_pentomino_z4
D:2:      layout_rooms, old_standard_altar, uniq_sigmund
D:3:      layout_loops_cross
D:4:      layout_basic, serial_shops, shop, shop, shop, shop, uniq_duvessa

Skill      XL: |  1  2  3  4  5 |
---------------+----------------+-----
Stealth        | 2 |  2.0
Unarmed Combat | 3 |  3.4
Dodging        | 3 4 |  4.1
Fighting       | 4 |  4.5
Armour         | 2 |  2.8

Action                   |  1- 3 |  4- 6 || total
-------------------------+-------+-------++-------
Melee: Unarmed           |    25 |    64 ||    89
       Kick              |       |    18 ||    18
 Fire: Hunting sling     |    41 |     4 ||    45
Throw: Stone             |       |     2 ||     2
       Dart              |       |     2 ||     2
  Use: Scroll            |     2 |       ||     2
       Potion            |       |     2 ||     2
 Stab: Sleeping          |     4 |     2 ||     6
  Eat: Chunk             |       |     1 ||     1
Armor: Robe              |     6 |    18 ||    24
Dodge: Dodged            |    27 |    50 ||    77
